 Dungeon Crawl Stone Soup version 0.29-a0-565-g7a16c6de65 (webtiles) character file.

Game seed: 11468097842163312920

14054 Lekart the Basher (level 11, -2/93 HPs)
             Began as a White Draconian Chaos Knight on June 12, 2022.
             Was a Plaything of Xom.
             Slain by a komodo dragon (3 damage)
             ... while petrified by a basilisk
             ... on level 4 of the Lair of Beasts.
             The game lasted 00:34:01 (21319 turns).

Lekart the Basher (White Draconian Chaos Knight)   Turns: 21319, Time: 00:34:01

Health: -2/93      AC: 11    Str: 14 (17) XL:     11   Next: 83%
Magic:  30/30      EV:  2    Int: 14 (15) God:    Xom [.....*]
Gold:   696        SH:  0    Dex: 16 (18) Spells: 18/20 levels left

rFire   + + .      SeeInvis .   p - +7 whip of Debt {venom, rF+ Stlth+}
rCold   + + .      Faith    .   (no shield)
rNeg    + + +      Spirit   .   (body armour unavailable)
rPois   ∞          Reflect  .   (helmet restricted)
rElec   .          Harm     .   h - +2 cloak
rCorr   .          Rampage  .   C - +0 pair of gloves
Will    .....      Clarity  +   (no boots)
Stlth   ++........              (no amulet)
HPRegen 0.25/turn               o - ring of magical power
MPRegen 0.22/turn               D - +6 ring of dexterity

@: petrified, unable to read
A: breathe frost, AC +7, unfitting armour, cold resistance 2, cold-blooded,
large bone plates 1, clarity, clever 1, deterioration 1, fire resistance 1, high
MP 1, mutation resistance 1, wild magic 1, inability to read while threatened,
MP-powered wands
a: Breathe Frost, Renounce Religion


You were on level 4 of the Lair of Beasts.
You worshipped Xom.
You were Xom's teddy bear.
You visited 3 branches of the dungeon, and saw 15 of its levels.

You collected 772 gold pieces.
You spent 76 gold pieces at shops.

Inventory:

Hand Weapons
 a - a +1 hand axe of chaos
 i - a +1 short sword of electrocution
 p - the +7 whip of Debt (weapon) {venom, rF+ Stlth+}
   (You found it on level 4 of the Dungeon)

   It poisons the flesh of those it strikes.
   rF:        It protects you from fire.
   Stlth:     It makes you more stealthy.
Missiles
 j - 6 poisoned darts
Armour
 h - a +2 cloak (worn)
 u - a scarf of resistance
 C - a +0 pair of gloves (worn)
Jewellery
 o - a ring of magical power (left hand)
 v - a ring of ice
 w - a ring of ice
 D - a +6 ring of dexterity (right hand)
Wands
 q - a wand of charming (5) (quivered)
 r - a wand of polymorph (20)
 G - a wand of mindburst (5)
Scrolls
 d - a scroll of blinking
 f - 2 scrolls of silence
 k - a scroll of brand weapon
 m - 3 scrolls of identify
 n - 2 scrolls of enchant weapon
 t - a scroll of fog
 x - 2 scrolls of magic mapping
 y - 3 scrolls of teleportation
 z - a scroll of amnesia
 I - a scroll of poison
Potions
 c - 7 potions of curing
 e - 5 potions of might
 g - 3 potions of flight
 s - a potion of brilliance
 A - a potion of ambrosia
 E - a potion of berserk rage
 F - a potion of resistance
 H - a potion of heal wounds
 J - a potion of haste {unknown}
Miscellaneous
 b - a piece from Xom's chessboard (9/15)
 B - a phial of floods


   Skills:
 + Level 7.7 Fighting
 + Level 3.5 Short Blades
 + Level 3.4(6.5) Axes
 + Level 8.6(9.0) Maces & Flails
 + Level 8.3 Throwing
 + Level 6.5 Dodging
 + Level 5.4 Spellcasting
 + Level 4.7 Transmutations
 + Level 4.7 Earth Magic
 + Level 5.3 Evocations


You had 18 spell levels left.
You knew the following spells:

 Your Spells              Type           Power      Damage    Failure   Level
a - Passwall              Tmut/Erth      18%        N/A       6%          2

Your spell library contained the following spells:

 Spells                   Type           Power      Damage    Failure   Level
 Shock                    Conj/Air       16%        1d4       24%         1
 Summon Small Mammal      Summ           16%        N/A       24%         1
 Blink                    Tloc           8%         N/A       34%         2
 Ensorcelled Hibernation  Hex/Ice        8%         N/A       34%         2
 Call Canine Familiar     Summ           4%         N/A       54%         3
 Confusing Touch          Hex            4%         N/A       54%         3
 Frozen Ramparts          Ice            8%         1d2       54%         3
 Lesser Beckoning         Tloc           4%         N/A       54%         3
 Portal Projectile        Hex/Tloc       8%         N/A       54%         3
 Summon Guardian Golem    Hex/Summ       4%         N/A       54%         3
 Swiftness                Air            4%         N/A       54%         3
 Tukima's Dance           Hex            4%         N/A       54%         3
 Ice Form                 Ice/Tmut       13%        N/A       63%         4
 Leda's Liquefaction      Hex/Erth       6%         N/A       63%         4
 Blade Hands              Tmut           11%        N/A       65%         5
 Airstrike                Air            2%         N/A       90%         4
 Summon Ice Beast         Ice/Summ       4%         N/A       90%         4
 Yara's Violent Unravell  Hex/Tmut       6%         3d5       91%         5
 Manifold Assault         Tloc           4%         N/A       99%         5
 Enfeeble                 Hex            2%         N/A       100%        7


Dungeon Overview and Level Annotations

Branches:
Dungeon (10/15)            Temple (1/1) D:7            Lair (4/6) D:9
  Snake (0/4) Lair:2          Orc (0/2) D:10
  Swamp: Lair:2-4    Shoals: Lair:2-4

Altars:
Ashenzari
Cheibriados
Dithmenos
Elyvilon
Fedhas
Gozag
Hepliaklqana
Kikubaaqudgha
Makhleb
Nemelex Xobeh
Okawaru
Qazlal
Ru
Sif Muna
Trog
Uskayaw
Vehumet
Wu Jian
Xom
Yredelemnul
Zin
The Shining One

Shops:
D:7 *

Annotations:
D:4 3 runed translucent doors, thehairyJon's ghost, amateur PaBe
D:7 3 runed translucent doors, anet's ghost, novice HOCj
D:8 2 transporters, exclusion: downstairs, Tewichka's ghost, novice GrHu
Lair:3 1 runed translucent door, Bruhh's ghost, journeyman NaTm


Innate Abilities, Weirdness & Mutations

You can breathe waves of freezing cold which knock back foes.
Your icy white scales are hard. (AC +7)
You cannot fit into any form of body armour.
Your flesh is very cold resistant. (rC++)
You are cold-blooded and may be slowed by cold attacks.
You are partially covered in large bone plates. (SH +4)
You possess an exceptional clarity of mind.
Your mind is acute. (Int +2)
Your body sometimes deteriorates upon taking damage.
Your flesh is heat resistant. (rF+)
You have an increased reservoir of magic. (+10% MP)
You are somewhat resistant to further mutation.
Your spells are a little harder to cast, but a little more powerful.
You sometimes lose the ability to read scrolls when taking damage.
You expend magic power (3 MP) to strengthen your wands.


Message History

The basilisk gazes at you. You resist with some effort.
The basilisk bites you! x2
You turn to flesh and can move again.
The basilisk gazes at you.
You are slowing down.
The basilisk gazes at you. You resist with some effort.
Your limbs are stiffening.
You have turned to stone.
The komodo dragon bites you! The komodo dragon bites you!!
You feel threatened and lose the ability to read scrolls!
The komodo dragon bites you!!
* * * LOW HITPOINT WARNING * * *
Your body deteriorates!
You feel dopey. The basilisk completely misses you.
The komodo dragon bites you!
* * * LOW HITPOINT WARNING * * *
The basilisk bites you.
* * * LOW HITPOINT WARNING * * *
The komodo dragon bites you!
* * * LOW HITPOINT WARNING * * *
The basilisk gazes at you. You resist with some effort.
The komodo dragon bites you!
* * * LOW HITPOINT WARNING * * *
The basilisk gazes at you. You resist with some effort.
The komodo dragon bites you.
* * * LOW HITPOINT WARNING * * *
The cane toad stings you!
* * * LOW HITPOINT WARNING * * *
The basilisk bites you.
* * * LOW HITPOINT WARNING * * *
Xom is highly amused!
The komodo dragon bites you but does no damage.
The cane toad barely misses you. The basilisk gazes at you.
You resist with some effort.
The cane toad stings you but does no damage.
The komodo dragon bites you!
You die...
Xom laughs nastily!

.#.§§...................^.##
...§.§.....................#
..§§§.............#........#
...§.............###.....P##
..§.............## #P....##
..#####..##...#..# ##...##
.. #.........## #....# .
#.........l## ##...#
...........l@###.#.##
..####P.....F..##...## .
#...........#P..###
##........(<......#
#.........########
#........## #..........#
.##........# . .........##


You could see a komodo dragon, a cane toad and a basilisk.

Vanquished Creatures
  A fire crab (D:10)
  Pikel (D:6)
  2 black mambas (Lair:1)
  3 cane toads
  4 komodo dragons
  2 rime drakes
  3 polar bears
  A troll (D:10)
  3 hornets
  A wyvern (Lair:2)
  21 yaks
  Menkaure (D:7)
  A basilisk (Lair:4)
  A warg (D:10)
  8 water moccasins
  2 acid dragons
  4 orc warriors
  A sky beast (D:8)
  2 ogres
  6 black bears
  5 centaurs
  A lemure (D:6)
  3 kobold brigands
  10 bullfrogs
  A necrophage (D:7)
  A scorpion (D:7)
  A hound (D:4)
  3 jellies
  7 orc priests
  2 iguanas (D:7)
  7 orc wizards
  7 adders
  A shadow imp (D:5)
  5 worms
  5 dart slugs
  33 orcs
  11 ball pythons
  3 bats
  6 endoplasms
  4 giant cockroaches
  5 goblins
  3 hobgoblins
  11 jackals
  4 quokkas
  3 frilled lizards
  12 kobolds
  6 rats
228 creatures vanquished.

Vanquished Creatures (collateral kills)
  3 yaks
  An orc wizard (D:9)
4 creatures vanquished.

Vanquished Creatures (others)
  A cane toad (Lair:1)
  A basilisk (Lair:1)
  2 yaks
  A naga (Lair:2)
  An ice beast (D:2)
  A giant cockroach (D:2)
  2 jackals (D:2)
  27 fungi
  40 plants
76 creatures vanquished.

Grand Total: 308 creatures vanquished

Notes
Turn   | Place    | Note
-------+----------+-------------------------------------------
     0 | D:1      | Lekart the Draconian Chaos Knight began the quest for the
                  | Orb.
     0 | D:1      | Reached XP level 1. HP: 19/19 MP: 1/1
   270 | D:1      | XOM: divination: magic mapping
   404 | D:1      | XOM: divination: detect items
   429 | D:1      | Reached XP level 2. HP: 26/26 MP: 2/2
  1169 | D:1      | XOM: silly message
  1176 | D:1      | XOM: divination: detect creatures
  1424 | D:2      | XOM: give mutation
  1424 | D:2      | Gained mutation: Your body sometimes deteriorates upon
                  | taking damage. [Xom's mischief]
  1432 | D:2      | Reached XP level 3. HP: 16/33 MP: 2/4
  1688 | D:1      | XOM: summons 3 hostile shadow creatures
  1765 | D:2      | Noticed Jessica
  1766 | D:2      | Noticed an ogre
  1785 | D:2      | Noticed an ice beast
  1785 | D:2      | an ogre changed into an ice beast
  1785 | D:2      | XOM: polymorph ogre -> ice beast
  1792 | D:2      | Noticed Jessica
  1792 | D:2      | Jessica changed into Jessica the giant cockroach
  1792 | D:2      | XOM: polymorph Jessica -> Jessica the giant cockroach
  1799 | D:2      | XOM: fog
  1802 | D:2      | Killed an ice beast
  1802 | D:2      | Killed Jessica the giant cockroach
  1802 | D:2      | XOM: destruction
  1816 | D:2      | XOM: god gift: wand of acid (5)
  1819 | D:2      | XOM: give mutations
  1819 | D:2      | Gained mutation: Your tail ends in a venomous barb. [Xom's
                  | grace]
  1819 | D:2      | Gained mutation: You passively map a small area around you.
                  | [Xom's grace]
  1907 | D:2      | XOM: destruction
  1940 | D:2      | Reached skill level 1 in Spellcasting
  1972 | D:2      | Identified the +1 ring mail of Egalitarianism {rElec MP+9}
  2283 | D:2      | XOM: noise
  2351 | D:2      | Reached skill level 1 in Short Blades
  2355 | D:2      | Reached XP level 4. HP: 15/40 MP: 6/6
  2357 | D:2      | XOM: confuse monster(s)
  2798 | D:2      | XOM: divination: detect items
  3044 | D:2      | XOM: divination: detect creatures
  3385 | D:3      | Lost mutation: Your body sometimes deteriorates upon taking
                  | damage. [potion of mutation]
  3385 | D:3      | Lost mutation: You passively map a small area around you.
                  | [potion of mutation]
  3385 | D:3      | Gained mutation: You are clumsy. (Dex -2) [potion of
                  | mutation]
  3385 | D:3      | Gained mutation: Your tail ends in a sharp venomous barb.
                  | [potion of mutation]
  3385 | D:3      | Gained mutation: You tend to lose your temper in combat.
                  | [potion of mutation]
  3385 | D:3      | Gained mutation: You have large cloven feet. [potion of
                  | mutation]
  3386 | D:3      | Lost mutation: You tend to lose your temper in combat.
                  | [potion of mutation]
  3386 | D:3      | Lost mutation: Your tail ends in a sharp venomous barb.
                  | [potion of mutation]
  3386 | D:3      | Lost mutation: Your tail ends in a venomous barb. [potion
                  | of mutation]
  3386 | D:3      | Gained mutation: You sometimes lose the ability to read
                  | scrolls when taking damage. [potion of mutation]
  3386 | D:3      | Gained mutation: You expend magic power (3 MP) to
                  | strengthen your wands. [potion of mutation]
  3458 | D:3      | Found a faded altar of an unknown god.
  3577 | D:3      | XOM: potion effect (berserk rage)
  3688 | D:3      | XOM: cloud trail
  3720 | D:3      | XOM: silly message
  3827 | D:3      | XOM: stat loss: -1 Dex (5/10)
  3977 | D:3      | XOM: stat loss: -1 Int (11/12)
  4438 | D:4      | Learned a level 2 spell: Passwall
  4531 | D:4      | Noticed thehairyJon's ghost (amateur PaBe)
  4531 | D:4      | Noticed a water moccasin
  4542 | D:4      | XOM: chaos upgrade
  4556 | D:4      | Found a runed translucent gate.
  4556 | D:4      | Found a runed translucent gate.
  4556 | D:4      | Found a runed translucent gate.
  4630 | D:4      | Reached XP level 5. HP: 28/46 MP: 7/7
  4879 | D:4      | XOM: stat loss: -1 Str (11/15)
  4971 | D:4      | Noticed a black bear
  4980 | D:4      | Killed a black bear
  4981 | D:4      | Reached skill level 1 in Transmutations
  4981 | D:4      | Reached skill level 1 in Earth Magic
  5299 | D:4      | XOM: 9-stop teleportation journey
  5340 | D:4      | Identified the +7 whip of Debt {venom, rF+ Stlth+}
  5409 | D:4      | XOM: summons 3 hostile demons
  5410 | D:4      | Noticed a chaos spawn
  5520 | D:4      | XOM: silly message
  5703 | D:5      | Entered Level 5 of the Dungeon
  5764 | D:5      | Noticed an ogre
  5772 | D:5      | Killed an ogre
  5773 | D:5      | Reached XP level 6. HP: 23/52 MP: 9/9
  5848 | D:5      | XOM: silly message
  6022 | D:5      | Found a basalt altar of Yredelemnul.
  6279 | D:5      | Noticed a water moccasin
  6283 | D:5      | Killed a water moccasin
  6284 | D:5      | Reached skill level 1 in Maces & Flails
  6284 | D:5      | Reached skill level 1 in Throwing
  6284 | D:5      | Your scales start taking on an icy white colour.
  6284 | D:5      | Reached XP level 7. HP: 60/60 MP: 0/10
  6284 | D:5      | Gained mutation: Your flesh is cold resistant. (rC+) [White
                  | Draconian growth]
  6784 | D:6      | Found a bloodstained altar of Trog.
  7535 | D:6      | XOM: divination: detect items
  7621 | D:6      | Noticed Pikel
  7634 | D:6      | Killed Pikel
  7635 | D:6      | Reached skill level 1 in Evocations
  7635 | D:6      | Reached XP level 8. HP: 51/67 MP: 11/13
  7886 | D:6      | XOM: give mutations
  7886 | D:6      | Gained mutation: Your spells are a little harder to cast,
                  | but a little more powerful. [Xom's grace]
  7886 | D:6      | Gained mutation: You are somewhat resistant to further
                  | mutation. [Xom's grace]
  8040 | D:7      | Found a staircase to the Ecumenical Temple.
  8138 | D:7      | XOM: confuse monster(s)
  8141 | Temple   | Entered the Ecumenical Temple
  8257 | Temple   | XOM: 4-stop teleportation journey
  8485 | Temple   | XOM is BORED!
  8485 | Temple   | XOM: noise
  8545 | Temple   | XOM: god gift: wooden ring {god gift}
  8581 | D:7      | Reached skill level 5 in Fighting
  8974 | D:7      | Noticed Menkaure
  8984 | D:7      | Killed Menkaure
  8985 | D:7      | Reached XP level 9. HP: 55/74 MP: 14/16
  9435 | D:7      | Found Haycwaan's CLEARANCE SALE!.
  9445 | D:7      | Bought a scroll of magic mapping for 24 gold pieces
  9445 | D:7      | Bought a scroll of blinking for 52 gold pieces
  9506 | D:7      | Noticed anet's ghost (novice HOCj)
  9577 | D:7      | Found a runed translucent gate.
  9577 | D:7      | Found a runed translucent gate.
  9577 | D:7      | Found a runed translucent gate.
  9635 | D:8      | XOM: fog
  9775 | D:8      | XOM: give mutation
  9775 | D:8      | Gained mutation: You have an increased reservoir of magic.
                  | (+10% MP) [Xom's grace]
  9806 | D:8      | Reached skill level 5 in Maces & Flails
  9934 | D:8      | XOM: 2-stop teleportation journey
 10117 | D:8      | Noticed Tewichka's ghost (novice GrHu)
 10168 | D:8      | Found a transporter.
 10182 | D:8      | XOM: god gift: potion of curing
 10187 | D:8      | XOM: confuse monster(s)
 10188 | D:8      | Paralysed by a hornet for 1 turns
 10190 | D:8      | Reached skill level 5 in Spellcasting
 10343 | D:8      | XOM is BORED!
 10570 | D:8      | XOM: 1-stop teleportation journey
 11183 | D:8      | XOM: polymorph orc warrior -> sky beast
 11255 | D:8      | XOM: noise
 11357 | D:8      | Found a transporter.
 11618 | D:9      | XOM: silly message
 11742 | D:9      | XOM: confusion (+ monsters)
 11750 | D:9      | XOM: swap monsters
 11757 | D:9      | XOM: blink monster(s)
 11758 | D:9      | XOM: summons 2 friendly demons
 11758 | D:9      | HP: 3/74 [orc warrior/+0 trident (15)]
 11774 | D:9      | XOM: summons friendly ufetubus
 11776 | D:9      | XOM: blink monster(s)
 11778 | D:9      | XOM: potion effect (brilliance)
 11796 | D:9      | XOM: summons friendly ufetubus
 11813 | D:9      | HP: 2/74 [yak (12)]
 11967 | D:8      | XOM: silly message
 11979 | D:8      | XOM: god gift: scroll of noise
 12265 | D:9      | XOM: god gift: book of Rime
 12321 | D:9      | XOM: divination: detect creatures
 12393 | D:9      | XOM: confuse monster(s)
 12579 | D:9      | Reached skill level 5 in Throwing
 12579 | D:9      | Reached XP level 10. HP: 57/81 MP: 19/19
 12593 | D:9      | XOM: confusion
 12601 | D:9      | XOM: enchant monster (good)
 12620 | D:9      | XOM: smoke on damage
 13275 | D:9      | XOM: torment (43/83 hp)
 13321 | D:9      | XOM: cloud trail
 13408 | D:9      | XOM: scenery: 1 doors open, 2 doors close
 13459 | D:9      | Found a staircase to the Lair.
 13572 | D:9      | XOM: scenery: create altars
 13605 | D:9      | XOM: cloud trail
 13615 | D:9      | XOM: god gift: 61 gold pieces
 13666 | D:10     | Entered Level 10 of the Dungeon
 13678 | D:10     | XOM: smoke on damage
 13746 | D:10     | XOM: 4-stop teleportation journey
 13766 | D:10     | XOM: polymorph yak -> raiju
 13769 | D:10     | XOM: summons friendly quasit
 13782 | D:10     | Noticed a fire crab
 13782 | D:10     | a raiju changed into a fire crab
 13782 | D:10     | XOM: polymorph raiju -> fire crab
 13785 | D:10     | XOM: divination: detect creatures
 13793 | D:10     | Killed a fire crab
 13794 | D:10     | Reached skill level 5 in Dodging
 14056 | D:10     | Found a staircase to the Orcish Mines.
 14060 | D:10     | XOM: divination: detect items
 14065 | D:10     | XOM: give mutations
 14065 | D:10     | Lost mutation: You sometimes lose the ability to read
                  | scrolls when taking damage. [Xom's mischief]
 14065 | D:10     | Gained mutation: Your mind is acute. (Int +2) [Xom's
                  | mischief]
 14065 | D:10     | Gained mutation: Your body sometimes deteriorates upon
                  | taking damage. [Xom's mischief]
 14143 | D:10     | XOM: 2-stop teleportation journey
 14260 | D:10     | Noticed a brown ugly thing
 14261 | D:10     | XOM: summons 6 hostile demons
 14541 | D:10     | XOM is BORED!
 14541 | D:10     | XOM: summons 4 hostile demons
 14817 | D:9      | XOM: silly message
 15218 | D:10     | XOM: torment (43/84 hp)
 15233 | D:10     | XOM: polymorph wyvern -> steam dragon
 15236 | D:10     | XOM: polymorph steam dragon -> bullfrog
 15346 | D:10     | XOM: cloud trail
 15457 | D:10     | Found a sparkling altar of Nemelex Xobeh.
 15589 | D:10     | XOM: scenery: create altars
 15601 | D:10     | XOM: destruction
 15604 | D:10     | Reached XP level 11. HP: 78/91 MP: 21/21
 15628 | D:10     | XOM: scenery: create altars
 15632 | D:10     | XOM: polymorph yak -> meliai
 15636 | D:10     | XOM: cleaving
 15638 | D:10     | Noticed a purple ugly thing
 15900 | D:9      | XOM: scenery: 1 doors close
 15997 | Lair:1   | Entered Level 1 of the Lair of Beasts
 16392 | Lair:1   | XOM: fake destruction
 16402 | Lair:1   | XOM: scenery: 1 doors close
 16411 | Lair:1   | XOM: enchant monster (good)
 16412 | Lair:1   | XOM: summons friendly quasit
 16577 | Lair:1   | XOM: 1-stop teleportation journey
 16710 | Lair:1   | XOM: butterfly on damage
 16785 | Lair:1   | XOM: noise
 17558 | Lair:1   | XOM: chaos cloud
 17559 | Lair:1   | Paralysed by you for 2 turns
 17568 | Lair:1   | XOM: enchant monster (bad)
 17585 | Lair:1   | XOM: give mutations
 17585 | Lair:1   | Gained mutation: You are very clumsy. (Dex -4) [Xom's
                  | mischief]
 17585 | Lair:1   | Lost mutation: You have large cloven feet. [Xom's mischief]
 17830 | Lair:1   | XOM: give mutations
 17830 | Lair:1   | Lost mutation: Your mind is acute. (Int +2) [Xom's
                  | mischief]
 17830 | Lair:1   | Gained mutation: You sometimes lose the ability to read
                  | scrolls when taking damage. [Xom's mischief]
 17919 | Lair:1   | XOM: divine lightning
 17976 | Lair:1   | XOM: divination: detect creatures
 18495 | Lair:2   | XOM: scenery: 2 doors open
 18502 | Lair:2   | Found a blossoming altar of Fedhas.
 18522 | Lair:2   | XOM: god gift: scarf of resistance
 18555 | Lair:2   | XOM: divination: detect creatures
 18569 | Lair:2   | XOM: summons friendly ufetubus
 18930 | Lair:2   | Found a staircase to the Snake Pit.
 18986 | Lair:2   | XOM: enchant monster (good)
 18994 | Lair:2   | XOM: cast spell 'Necromutation'
 19005 | Lair:2   | XOM: destruction
 19012 | Lair:2   | XOM: 2-stop teleportation journey
 19261 | Lair:2   | XOM: scenery: create altars
 19276 | Lair:2   | Reached skill level 5 in Evocations
 19315 | Lair:2   | Noticed an ice dragon
 19315 | Lair:2   | XOM: 4-stop teleportation journey
 19322 | Lair:2   | XOM: silly message
 19365 | Lair:2   | XOM: silly message
 19604 | Lair:3   | XOM: 4-stop teleportation journey
 19696 | Lair:3   | XOM: 1-stop teleportation journey
 19957 | Lair:3   | Found a runed translucent door.
 19958 | Lair:3   | Noticed Bruhh's ghost (journeyman NaTm)
 19984 | Lair:3   | XOM: silly message
 20171 | Lair:3   | XOM: give mutations
 20171 | Lair:3   | Lost mutation: You are very clumsy. (Dex -4) [Xom's grace]
 20171 | Lair:3   | Gained mutation: Your flesh is very cold resistant. (rC++)
                  | [Xom's grace]
 20374 | Lair:4   | XOM: scenery: create altars
 20384 | Lair:4   | XOM: scenery: create altars
 20390 | Lair:4   | XOM: confuse monster(s)
 20471 | Lair:4   | XOM: summons 6 hostile demons
 20797 | Lair:4   | XOM: 1-stop teleportation journey
 20838 | Lair:4   | XOM: torment (47/92 hp)
 20841 | Lair:4   | XOM: 7-stop teleportation journey
 20971 | Lair:3   | XOM: give mutations
 20971 | Lair:3   | Gained mutation: You possess an exceptional clarity of
                  | mind. [Xom's grace]
 20971 | Lair:3   | Gained mutation: Your flesh is heat resistant. (rF+) [Xom's
                  | grace]
 21057 | Lair:3   | XOM: give mutation
 21057 | Lair:3   | Gained mutation: You are partially covered in large bone
                  | plates. (SH +4) [Xom's grace]
 21215 | Lair:4   | XOM: give mutations
 21215 | Lair:4   | Gained mutation: Your mind is acute. (Int +2) [Xom's grace]
 21215 | Lair:4   | Lost mutation: You are clumsy. (Dex -2) [Xom's grace]
 21280 | Lair:4   | XOM: fog
 21285 | Lair:4   | XOM: polymorph wyvern -> basilisk
 21290 | Lair:4   | XOM: noise
 21318 | Lair:4   | HP: 4/93 [cane toad (4)]
 21318 | Lair:4   | HP: 1/93 [basilisk (3)]
 21319 | Lair:4   | Slain by a komodo dragon

Illustrated notes

Levels and vault maps discovered:
D:1:      amcnicky_arrival_wind_blow, layout_loops_ring, serial_forest,
          infiniplex_forest_lined_3, infiniplex_forest_straight_4,
          infiniplex_forest_end_3, infiniplex_forest_clump_diagonal,
          infiniplex_forest_lined_3, infiniplex_forest_end_2,
          infiniplex_forest_clump_medium
D:2:      layout_loops_cross, minmay_heptomino_w4, uniq_jessica
D:3:      layout_basic, ebering_ecumenical_altar_box,
          cheibrodos_sewer_entry_bend
D:4:      layout_loops_ring, gammafunk_ghost_split, hangedman_decor_peaks_small
D:5:      layout_basic, mainiacjoe_overflow_alcove_1
D:6:      layout_basic, mainiacjoe_overflow_brackets, uniq_pikel
D:7:      layout_loops_ring, minmay_temple_entry_glass,
          gammafunk_ghost_necromancy, nicolae_shop_clearance, uniq_menkaure
D:8:      layout_basic, gammafunk_ghost_stat_death
D:9:      layout_roguey, grunt_lair_entry_orc_guard_hut
D:10:     layout_loops_cross, david_orc_3, minmay_ruined_shrine
Temple:   mainiacjoe_temple_cubbyholes
Lair:1:   layout_roguey
Lair:2:   layout_roguey, guppyfry_snake_entry_garden, basic_altar, ice2_lemuel
Lair:3:   layout_regular_city, gammafunk_ghost_grave, columned_hall_lemuel,
          serial_bayou_shore_b
Lair:4:   layout_gridlike, minmay_shoals_entry_beasts, serial_bayou_shore_a,
          infiniplex_staircase_pool

Skill      XL: |  1  2  3  4  5  6  7  8  9 10 11 |
---------------+----------------------------------+-----
Spellcasting   | 1 2 3 4 5 |  5.4
Short Blades   | 1 2 3 |  3.5
Fighting       | 4 5 6 7 |  7.7
Transmutations | 1 3 4 |  4.7
Earth Magic    | 1 3 4 |  4.7
Dodging        | 3 4 5 6 |  6.5
Maces & Flails | 1 2 4 5 6 8 |  8.6
Throwing       | 1 2 5 6 8 |  8.3
Evocations     | 1 4 5 |  5.3
Axes           | |  3.4

Action                   |  1- 3 |  4- 6 |  7- 9 | 10-12 || total
-------------------------+-------+-------+-------+-------++-------
Melee: Hand axe          |    49 |       |       |       ||    49
       Tailslap          |    16 |    12 |    29 |    81 ||   138
       Short sword       |   102 |   124 |       |       ||   226
       Punch             |     1 |     2 |     1 |     4 ||     8
       Kick              |       |    15 |    52 |    80 ||   147
       Whip              |       |    34 |   181 |   368 ||   583
Throw: Dart              |     5 |    32 |   106 |    89 ||   232
       Boomerang         |       |       |       |     4 ||     4
 Cast: Passwall          |       |       |     1 |       ||     1
 Abil: Breathe Frost     |       |       |     4 |    13 ||    17
Evoke: Piece from Xom's  |    15 |     2 |     2 |    11 ||    30
       Wand              |       |     3 |    13 |    39 ||    55
  Use: Scroll            |     4 |     7 |     3 |    11 ||    25
       Potion            |     7 |     2 |     5 |     6 ||    20
 Stab: Sleeping          |     1 |     1 |     2 |     4 ||     8
       Paralysed         |     2 |       |       |       ||     2
       Confused          |     1 |       |       |     2 ||     3
       Petrified         |       |       |       |     3 ||     3
       Petrifying        |       |       |       |     2 ||     2
Armor: Skin              |    49 |    71 |    68 |   105 ||   293
Dodge: Dodged            |    95 |    99 |   132 |   236 ||   562
Block: Other             |       |       |       |     6 ||     6

Table legend: (Time is in decaauts)
 A = Elapsed time spent in this place.
 B = Non-inter-level travel time spent in this place.
 C = Inter-level travel time spent in this place.
 D = Time resting spent in this place.
 E = Time spent auto-exploring this place.
 F = Levels seen in this place.
 G = Mean time per level.
                   A        B        C        D        E       F      G
               +--------+--------+--------+--------+--------+-----+--------+
         Total |  21202 |  20802 |    400 |   5081 |  12826 |  15 | 1413.5 |
       Dungeon |  15512 |  15250 |    262 |   2896 |  10429 |  10 | 1551.2 |
        Temple |    427 |    384 |     43 |      0 |    372 |   1 |  427.0 |
          Lair |   5262 |   5168 |     94 |   2185 |   2024 |   4 | 1315.5 |
               +--------+--------+--------+--------+--------+-----+--------+

Top non-repeatable levels by time:
     D:9: 2726 daAuts
     D:8: 2237 daAuts
  Lair:1: 2108 daAuts
     D:2: 1741 daAuts
     D:1: 1663 daAuts
  Lair:2: 1411 daAuts
     D:4: 1348 daAuts
    D:10: 1324 daAuts
     D:7: 1253 daAuts
  Lair:3: 1243 daAuts
     D:6: 1182 daAuts
     D:5: 1045 daAuts
     D:3: 989 daAuts
  Lair:4: 498 daAuts
  Temple: 427 daAuts
